Map: Catalyst LE

Players

SamuraiFunn

  • Race: Protoss Protoss
  • League: Platinum
  • Spawn Location: 11:00

Mechulus - Winner!

  • Race: Zerg Zerg
  • League: Platinum
  • Spawn Location: 5:00

VOD

Have the link to the VOD?

Description

Time

  • Played on: Nov. 25, 2017, 1:19 p.m.
  • Length: 3:45
Show
View Real Time Build Order
Export as new Build Order

SamuraiFunn Protoss 

Build Orders:  

Get SALT Encoding   

  12  0:01  Probe  
  13  0:13  Probe  
  14  0:21  Pylon  
  14  0:25  Probe (Chrono Boost)  
  15  0:39  Probe  
  16  0:51  Probe  
  16  0:55  Pylon  
  17  1:18  Gateway  
  17  1:19  Probe  
  17  1:20  Gateway  
  18  1:26  Assimilator  
  18  1:31  Probe  
  19  1:43  Probe  
  20  1:52  Gateway  
  20  2:05  Probe  
  21  2:16  Zealot x2  
  21  2:22  Nexus  
  25  2:25  Cybernetics Core  
  24  2:40  Zealot  
  26  2:46  Zealot  
  26  2:47  Zealot  
  28  3:07  Gateway  
Show
View Real Time Build Order
Export as new Build Order

Mechulus Zerg - Winner!

Build Orders: Pool First 

Get SALT Encoding   

  12  0:01  Drone  
  13  0:08  Drone  
  13  0:13  Extractor  
  13  0:16  Drone  
  15  0:22  Overlord  
  15  0:40  Spawning Pool  
  14  0:44  Drone  
  14  0:45  Drone  
  16  0:50  Extractor  
  16  0:51  Drone  
  16  0:55  Drone  
  17  1:19  Hatchery  
  16  1:27  Zergling x4  
  18  1:35  Spine Crawler  
  17  1:43  Queen  
  19  1:56  Drone  
  19  1:57  Drone x2  
  22  2:08  Metabolic Boost  
  22  2:14  Overlord  
  22  2:37  Zergling x4  
  22  2:38  Zergling x2  
  24  3:02  Zergling x6  
  24  3:03  Zergling x8  
  30  3:33  Spine Crawler  
  32  3:34  Spine Crawler  
Tags
 
Add a new tag
Caveats
  • Supply blocks, unpowered buildings, or Contaminate may cause inaccurate times.
  • Supply counts are checked every 10 seconds.